 Dungeon Crawl Stone Soup version 0.18-a0-1171-ga8e22e7 (webtiles) character file.

212 st0uf the Changer (level 5, -2/41 HPs)
             Began as a Draconian Transmuter on Jan 26, 2016.
             Slain by an orc wizard
             ... wielding a +0 dagger
              (3 damage)
             ... on level 3 of the Dungeon.
             The game lasted 00:19:20 (3768 turns).

st0uf the Changer (Draconian Transmuter)            Turns: 3768, Time: 00:19:20

Health: -2/41      AC:  5    Str: 12    XL:     5   Next: 58%
Magic:  0/9        EV: 12    Int: 15    God:
Gold:   115        SH:  0    Dex: 11    Spells: 3 memorised, 3 levels left

rFire  . . .     SeeInvis .       - Unarmed
rCold  . . .     Gourm    .     (armour unavailable)
rNeg   . . .     Faith    .     (no shield)
rPois  .         Spirit   +     (helmet restricted)
rElec  .         Dismiss  .     (no cloak)
rCorr  .         Reflect  .     (no gloves)
SustAt .         Harm     .     (no boots)
MR     .....                    n - amulet of guardian spirit
Stlth  +.........               (no ring)
                                (no ring)

@: appendage, very slightly contaminated, not resistant to hostile enchantments,
very unstealthy
A: unfitting armour, horns 2, cold-blooded, AC +5
a: End Transformation


You were on level 3 of the Dungeon.
You were not hungry.
You had grown temporary horns.
You visited 1 branch of the dungeon, and saw 4 of its levels.

You collected 115 gold pieces.

Inventory:

Missiles
 a - 9 arrows
 u - 4 tomahawks of returning (quivered)
Jewellery
 n - an amulet of guardian spirit (around neck)
 o - an uncursed amulet of rage
Scrolls
 d - 2 scrolls of remove curse {unknown}
 p - a scroll of enchant armour {unknown}
 s - a scroll of identify {unknown}
 t - a scroll of amnesia {unknown}
Potions
 e - a potion of mutation {unknown}
 l - a potion of cancellation {unknown}
 r - a potion of heal wounds {unknown}
Books
 b - a book of Changes

   Spells                             Type                      Level
   a - Beastly Appendage              Transmutation                1
   b - Sticks to Snakes               Transmutation                2
   c - Spider Form                    Transmutation/Poison         3
   d - Ice Form                       Ice/Transmutation            4
   e - Blade Hands                    Transmutation                5
Comestibles
 c - 6 bread rations
 i - 4 meat rations
 j - 5 fruits
 k - a royal jelly
 q - a chunk of flesh


   Skills:
 + Level 1.9 Fighting
 + Level 3.0 Dodging
 + Level 3.5 Unarmed Combat
 + Level 2.8 Spellcasting
 * Level 3.9 Transmutations


You had 3 spell levels left.
You knew the following spells:

 Your Spells              Type           Power        Failure   Level  Hunger
a - Beastly Appendage     Trmt           ##....       4%          1    #......
b - Sticks to Snakes      Trmt           ##......     8%          2    ##.....
c - Spider Form           Trmt/Pois      #.........   30%         3    ###....


Dungeon Overview and Level Annotations

Branches:
Dungeon (4/15)
 Temple: D:4-7

Altars:
Elyvilon

Annotations:
D:3 Grinder


Innate Abilities, Weirdness & Mutations

Your plain brown scales are hard (AC +5).
Your body does not fit into most forms of armour.
You are cold-blooded and may be slowed by cold attacks.
You have a pair of horns on your head.


Message History

You smell fire and brimstone.
It was a scroll of random uselessness.
The orc priest barely misses you.
Your adder barely misses the orc priest.
Something hits your adder.
Your adder dies!
Read which item? (? for menu, Esc to quit)
As you read the scroll labeled SAISTR YSSOIPN, it crumbles to dust.
The scroll dissolves into smoke.
It was a scroll of fog.
The orc barely misses you.
The orc priest hits you but does no damage.
Read which item? (? for menu, Esc to quit)
As you read the scroll labeled NYFROE BUCIRO, it crumbles to dust.
You feel aware of your surroundings.
It was a scroll of magic mapping.
The adder barely misses you. The orc hits you with a club.
* * * LOW HITPOINT WARNING * * *
Read which item? (? for menu, Esc to quit)
As you read the scroll labeled COOSAUL VUROBY, it crumbles to dust.
You hear a loud clanging noise!
It was a scroll of noise.
The adder closely misses you. Something hits you.
You die...

#.#.#* *,* #.#.# #.#.#
*,* #...# #÷#.# *,*
###.# ###.#[### *,# #.#
#.......# *.# #.#
#.#.#.§.###.####*****#.#
#)#...§§§§......,,,,,..#
#.#...§§§§#.###****,*#.#
#.....o@§§§.# *,*#.# ##
#.....S{o§§.# *,**,* .#
#......o§§§## *,**,* .#
#.#.......## *,**,* .#
#.##......# *** *,**,*
§#********,*##.....#
**,***,**,*
.#,,,,,,,,,,,...#.##
**,*,**,**,*
.#,#****,,,*#####.#
*,***,,,**,* .#.# *,***
#.# **,*,*****,*


You could see an orc priest, an adder and 2 orcs.

Vanquished Creatures
  An orc wizard (D:3)
  Robin (D:3)
  4 adders
  An ooze (D:1)
  2 worms
  5 giant geckos
  7 orcs (D:3)
  3 bats
  4 giant cockroaches
  8 goblins
  11 hobgoblins
  9 jackals
  A quokka (D:3)
  A ball python (D:3)
  A giant newt (D:3)
  5 kobolds
  A rat (D:2)
65 creatures vanquished.

Vanquished Creatures (collateral kills)
  A giant frog (D:3)
  A giant newt (D:3)
  A jackal skeleton (D:3)
3 creatures vanquished.

Grand Total: 68 creatures vanquished

Notes
Turn   | Place    | Note
--------------------------------------------------------------
     0 | D:1      | st0uf the Draconian Transmuter began the quest for the Orb.
     0 | D:1      | Reached XP level 1. HP: 16/16 MP: 3/3
   346 | D:1      | Reached XP level 2. HP: 14/23 MP: 1/5
  1309 | D:2      | Reached XP level 3. HP: 17/28 MP: 4/6
  1746 | D:2      | Found a white marble altar of Elyvilon.
  2376 | D:3      | Noticed Robin
  2393 | D:3      | Reached XP level 4. HP: 35/35 MP: 5/7
  2399 | D:3      | Killed Robin
  2480 | D:2      | Learned a level 2 spell: Sticks to Snakes
  2484 | D:2      | Learned a level 3 spell: Spider Form
  2707 | D:3      | Noticed Grinder
  2731 | D:3      | Paralysed by Grinder for 2 turns
  3249 | D:3      | Noticed a giant frog
  3259 | D:3      | Killed a giant frog
  3259 | D:3      | Reached XP level 5. HP: 27/40 MP: 4/9
  3767 | D:3      | HP: 1/41 [orc/club (2)]
  3768 | D:3      | Slain by an orc wizard

Vault maps used:
D:1:      enne_arrival_octagon_isle, kennysheep_small_spiral,
          nrook_loot_triangle
D:2:      nicolae_overflow_crystal_walls
D:3:      first_bread, uniq_grinder, uniq_robin
D:4:      lemuel_round_altar, minmay_temple_entry_grid, uniq_pikel,
          uniq_blork_the_orc, uniq_eustachio

Action                   |  1- 3 |  4- 6 || total
-------------------------+-------+-------++-------
Melee: Unarmed           |   142 |   156 ||   298
 Cast: Beastly Appendage |    26 |    18 ||    44
       Sticks to Snakes  |       |     9 ||     9
  Use: Scroll            |       |     4 ||     4
  Eat: Chunk             |     5 |     6 ||    11
